 Dungeon Crawl Stone Soup version 0.21.1-1-g345015f (webtiles) character file.

1270 inc the Charmwright (level 8, -4/50 HPs)
             Began as an Octopode Ice Elementalist on June 17, 2018.
             Slain by Pikel
             ... wielding a +0 whip of freezing
              (7 damage)
             ... on level 7 of the Dungeon.
             The game lasted 00:12:59 (7042 turns).

inc the Charmwright (Octopode Ice Elementalist)     Turns: 7042, Time: 00:13:01

Health: -4/50      AC:  7    Str:  8    XL:     8   Next: 53%
Magic:  8/14       EV: 12    Int: 25    God:
Gold:   262        SH:  0    Dex: 12    Spells: 7/15 levels left

rFire    . . .     SeeInvis .   q - +2 long sword (freeze)
rCold    . . .     Gourm    .   (no shield)
rNeg     . . .     Faith    .   (helmet restricted)
rPois    .         Spirit   .   (no amulet)
rElec    .         Reflect  .   e - +6 ring of intelligence
rCorr    .         Harm     .   (no ring)
MR       .....                  (no ring)
Stlth    ++........             (no ring)
HPRegen  0.16/turn              (no ring)
MPRegen  0.14/turn              (no ring)
                                (no ring)
                                (no ring)

@: icy armour, heavily drained, slow
A: almost no armour, stealthy swim, amphibious, 8 rings, constrict 8, camouflage
1, gelatinous body 1
a: no special abilities


You were on level 7 of the Dungeon.
You were hungry.

You visited 2 branches of the dungeon, and saw 8 of its levels.

You collected 262 gold pieces.

Inventory:

Hand Weapons
 i - a +0 flail
 q - a +2 long sword of freezing (weapon)
Magical Staves
 f - an uncursed staff of wizardry
Jewellery
 e - a +6 ring of intelligence (left tentacle)
Wands
 o - a wand of paralysis (12)
Scrolls
 d - a scroll of random uselessness
 g - 2 scrolls of teleportation
 j - 5 scrolls of remove curse
 k - 2 scrolls of identify
 m - a scroll of blinking {unknown}
 s - 2 scrolls of immolation
Potions
 b - 3 potions of cancellation
 h - 2 potions of magic
 l - a potion of might {unknown}
 n - a potion of lignification
 r - a potion of mutation
Books
 a - a book of Frost

   Spells                             Type                      Level
   a - Freeze                         Ice                          1
   b - Throw Frost                    Conjuration/Ice              2
   c - Ozocubu's Armour               Charms/Ice                   3
   d - Throw Icicle                   Conjuration/Ice              4
   e - Summon Ice Beast               Ice/Summoning                4
Comestibles
 c - 11 rations


   Skills:
 - Level 2.0(0.0) Fighting
 - Level 2.0(0.0) Dodging
 - Level 2.6(0.5) Stealth
 + Level 4.1(1.8) Spellcasting
   Level 1.0(0.0) Conjurations
 - Level 7.0(4.5) Charms
 - Level 2.5(0.3) Summonings
 - Level 5.3(3.0) Ice Magic


You had 7 spell levels left.
You knew the following spells:

 Your Spells              Type           Power        Failure   Level  Hunger
a - Freeze                Ice            ###.         3%          1    #......
b - Ozocubu's Armour      Chrm/Ice       ###.....     7%          3    ###....
c - Summon Ice Beast      Ice/Summ       ##......     50%         4    #####..


Dungeon Overview and Level Annotations

Branches:
Dungeon (7/15)             Temple (1/1) D:6

Altars:
Ashenzari
Dithmenos
Elyvilon
Gozag
Hepliaklqana
Makhleb
Nemelex Xobeh
Okawaru
Qazlal
Ru
Sif Muna
Trog
Uskayaw
Vehumet
Wu Jian
Xom
Yredelemnul
Zin
The Shining One

Shops:
D:5 :

Annotations:
D:7 Pikel


Innate Abilities, Weirdness & Mutations

You cannot wear most types of armour.
You are very stealthy in the water. (Stealth+)
You are amphibious.
You can wear up to eight rings at the same time.
You can use your tentacles to constrict eight enemies at once.
Your skin changes colour to match your surroundings (Stealth+).
Your rubbery body absorbs attacks. (AC +1, EV +1)


Message History

Aim: Pikel, wielding a whip of freezing and wearing a robe (heavily wounded, constricted by you)
You freeze Pikel.
Pikel is heavily wounded.
You constrict Pikel. The slave closely misses you. x2
Pikel hits you with a whip of freezing!
* * * LOW HITPOINT WARNING * * *
Pikel freezes you.
* * * LOW HITPOINT WARNING * * *
The slave closely misses you.
Casting: Freeze
Confirm with . or Enter, or press ? or * to list all spells.
Aiming: Freeze
Press: ? - help, Shift-Dir - straight line, f/p - Pikel
Aim: Pikel, wielding a whip of freezing and wearing a robe (heavily wounded, constricted by you)
You freeze Pikel.
Pikel is heavily wounded.
You constrict Pikel. The slave barely misses you. The slave hits you.
* * * LOW HITPOINT WARNING * * *
Pikel hits you with a whip of freezing!
You die...

## ....#.##.#
...#?.#..#
#....#..#
##.......
##.......###
#.........<##
......pp....###
.....pK@...o..#
......p####......
.....## #....#
.... #...# ...
...# .. ...# . ..


You could see Pikel, 4 slaves and an orc.

Vanquished Creatures
  2 ice beasts (D:4)
  An ogre (D:4)
  5 wights
  2 hounds (D:4)
  A bullfrog zombie (D:5)
  2 bullfrog skeletons
  2 orc priests
  3 orc wizards
  5 worker ants
  2 hound zombies (D:5)
  2 hound skeletons (D:4)
  2 worker ant zombies
  4 gnolls (D:4)
  A howler monkey skeleton (D:4)
  15 adders
  A shadow imp (D:4)
  2 worms
  4 dart slugs
  5 leopard geckos
  16 orcs
  5 giant cockroaches
  6 goblins
  7 hobgoblins
  3 jackals (D:1)
  6 kobolds
  2 quokkas
  2 ball pythons
  6 bats
  7 frilled lizards
  3 jackal skeletons
  6 rats
130 creatures vanquished.

Vanquished Creatures (collateral kills)
  An orc (D:5)
1 creature vanquished.

Grand Total: 131 creatures vanquished

Notes
Turn   | Place    | Note
-------+----------+-------------------------------------------
     0 | D:1      | inc the Octopode Ice Elementalist began the quest for the Orb.
     0 | D:1      | Reached XP level 1. HP: 11/11 MP: 3/3
   202 | D:1      | Reached XP level 2. HP: 17/17 MP: 5/5
   580 | D:1      | Reached XP level 3. HP: 12/21 MP: 4/6
  1459 | D:2      | Reached XP level 4. HP: 15/27 MP: 1/7
  1892 | D:2      | Found a basalt altar of Yredelemnul.
  1957 | D:3      | Found a bloodstained altar of Trog.
  2063 | D:3      | Reached skill level 5 in Ice Magic
  2261 | D:4      | Learned a level 3 spell: Ozocubu's Armour
  2473 | D:4      | Reached skill level 1 in Charms
  2473 | D:4      | Reached XP level 5. HP: 24/31 MP: 4/8
  2560 | D:4      | Reached skill level 2 in Charms
  2591 | D:4      | Reached skill level 3 in Charms
  2969 | D:4      | Reached XP level 6. HP: 29/36 MP: 5/9
  3013 | D:4      | Reached skill level 4 in Charms
  3278 | D:4      | Reached skill level 5 in Charms
  3403 | D:4      | Reached XP level 7. HP: 29/41 MP: 6/10
  3850 | D:5      | Entered Level 5 of the Dungeon
  3850 | D:5      | Found Quufaikia's Book Emporium.
  3951 | D:4      | Reached skill level 6 in Charms
  4438 | D:4      | HP: 1/61 [ice beast (7)]
  4758 | D:5      | Reached skill level 7 in Charms
  4767 | D:5      | Reached skill level 1 in Fighting
  4791 | D:5      | Reached XP level 8. HP: 14/50 MP: 11/11
  4871 | D:5      | Learned a level 4 spell: Summon Ice Beast
  5062 | D:5      | Found a burning altar of Makhleb.
  5063 | D:5      | Noticed a cacodemon
  5190 | D:5      | Reached skill level 1 in Summonings
  5243 | D:5      | Found a radiant altar of Vehumet.
  5276 | D:5      | Found an opulent altar of Gozag.
  5279 | D:5      | Found a deep blue altar of Sif Muna.
  6957 | D:6      | Found a staircase to the Ecumenical Temple.
  6972 | Temple   | Entered the Ecumenical Temple
  7027 | D:7      | Noticed Pikel
  7042 | D:7      | Slain by Pikel

Skill      XL: |  1  2  3  4  5  6  7  8 |
---------------+-------------------------+-----
Ice Magic      | 4 5 |  5.3
Charms         | 1 3 5 7 |  7.0
Fighting       | 1 2 |  2.0
Summonings     | 2 |  2.5
Spellcasting   | 4 |  4.1
Dodging        | |  2.0
Stealth        | |  2.6
Conjurations   | |  1.0

Action                   |  1- 3 |  4- 6 |  7- 9 || total
-------------------------+-------+-------+-------++-------
Melee: Unarmed           |    33 |       |       ||    33
       Constrict         |    13 |    19 |    34 ||    66
       Tentacles         |     7 |    10 |    27 ||    44
       Flail             |     6 |    18 |       ||    24
       Long sword        |       |    32 |   134 ||   166
 Cast: Freeze            |    32 |    30 |    28 ||    90
       Ozocubu's Armour  |       |     6 |    15 ||    21
       Summon Ice Beast  |       |       |     2 ||     2
  Use: Scroll            |       |       |    13 ||    13
       Potion            |       |       |     4 ||     4
 Stab: Sleeping          |     5 |     5 |    10 ||    20
  Eat: Chunk             |     2 |     6 |     5 ||    13
       Ration            |       |       |     3 ||     3
Armor: Skin              |     1 |     7 |    50 ||    58
Dodge: Dodged            |    45 |    61 |   117 ||   223
       Rpst.: Long sword |       |    15 |    41 ||    56
